 Dungeon Crawl Stone Soup version 0.18.1-48-g4cf74bf (webtiles) character file.

16 ololoev the Firebug (level 2, 0/22 HPs)
             Began as a Naga Fire Elementalist on July 28, 2016.
             Slain by a hobgoblin
             ... wielding a +0 club
             ... led by Robin
              (3 damage)
             ... on level 3 of the Dungeon.
             The game lasted 00:01:55 (245 turns).

ololoev the Firebug (Naga Fire Elementalist)         Turns: 245, Time: 00:01:56

Health: 0/22       AC:  1    Str: 10    XL:     2   Next: 58%
Magic:  4/5        EV: 10    Int: 15    God:
Gold:   0          SH:  0    Dex: 11    Spells: 1 memorised, 4 levels left

rFire  . . .     SeeInvis +     i - +0 short sword
rCold  . . .     Gourm    .     a - +0 robe
rNeg   . . .     Faith    .     (no shield)
rPois  +         Spirit   .     (no helmet)
rElec  .         Dismiss  .     (no cloak)
rCorr  .         Reflect  .     (no gloves)
SustAt .         Harm     .     (no barding)
MR     .....                    (no amulet)
Stlth  ++........               (no ring)
                                (no ring)

@: short of breath, very slow, not resistant to hostile enchantments, unstealthy
A: see invisible, deformed body, poison resistance, slowness 2, slow metabolism
1, spit poison 2, AC +0
a: Spit Poison


Innate Abilities, Weirdness & Mutations

You cannot wear boots.
Your serpentine skin is tough (AC +0).
You have supernaturally acute eyesight.
Armour fits poorly on your strangely shaped body.
Your system is resistant to poisons.
You cover ground very slowly.
You have a slow metabolism.
You can spit poison.

Inventory:

Hand Weapons
 i - a +0 short sword (weapon)
Armour
 a - a +0 robe (worn)
Scrolls
 g - 2 scrolls of teleportation {unknown}
 k - a scroll of identify {unknown}
 l - a scroll of enchant weapon {unknown}
Potions
 d - 3 potions of curing {unknown}
 e - 2 potions of heal wounds {unknown}
Books
 b - a book of Flames

   Spells                             Type                      Level
   a - Flame Tongue                   Conjuration/Fire             1
   b - Throw Flame                    Conjuration/Fire             2
   c - Conjure Flame                  Conjuration/Fire             3
   d - Inner Flame                    Hexes/Fire                   3
   e - Sticky Flame                   Conjuration/Fire             4
   f - Fireball                       Conjuration/Fire             5
Comestibles
 c - a bread ration
 f - a beef jerky
 h - a meat ration
 j - 2 fruits


   Skills:
 - Level 1.5 Dodging
 - Level 3.0 Stealth
 + Level 2.2 Spellcasting
 * Level 2.0 Conjurations
 + Level 3.1 Fire Magic


You had 4 spell levels left.
You knew the following spells:

 Your Spells              Type           Power        Failure   Level  Hunger
a - Flame Tongue          Conj/Fire      #....        10%         1    #......


You were on level 3 of the Dungeon.
You were not hungry.

You visited 1 branch of the dungeon, and saw 3 of its levels.

##########
#.<.......
#@######## ###
#g# ..# #g#
#.#####g######
#...g.ggg....#
#.#####.####.#
#†.g..g.#
#g####### ##
#.#

Notes
Turn   | Place    | Note
--------------------------------------------------------------
     0 | D:1      | ololoev the Naga Fire Elementalist began the quest for the Orb.
     0 | D:1      | Reached XP level 1. HP: 15/15 MP: 3/3
    56 | D:1      | ololoev: ей можно немного ману экономить в эрли
   127 | D:1      | Reached XP level 2. HP: 12/22 MP: 5/5
   136 | D:1      | Found a shattered altar of Ashenzari.
   223 | D:3      | Noticed Robin
   245 | D:3      | Slain by a hobgoblin

Dungeon Overview and Level Annotations

Branches:
Dungeon (3/15)

Altars:
Ashenzari

Annotations:
D:3 Robin


Message History

d - 3 cyan potions (gained 1)
A ball python comes into view.
You see here a scroll labeled NIATSACU UXYNG.
l - a scroll labeled NIATSACU UXYNG Use which ability? (? or * to list)
Press: ? - help, Shift-Dir - straight line, f - ball python
Aim: a ball python The splash of poison hits the ball python.
The ball python is poisoned.
You kill the ball python!
You feel slightly more hungry.
You have got your breath back.
There is a stone staircase leading down here.
You climb downwards.
There is a stone staircase leading up here.
You climb upwards.
There is a stone staircase leading down here.
There is a stone staircase leading down here.
You climb downwards.
There is a stone staircase leading up here.
A bat comes into view.
Use which ability? (? or * to list)
Press: ? - help, Shift-Dir - straight line, f - bat
Aim: a bat (resting)
The splash of poison hits the bat.
The bat is poisoned.
You kill the bat!
You feel slightly more hungry.
You have got your breath back. 2 goblins, 2 hobgoblins and Robin come into view.
The hobgoblin shouts!
The goblin moves out of view. x2
A goblin and a hobgoblin come into view. 4 goblins and 2 hobgoblins come into view.
The hobgoblin shouts!
The goblin shouts! x4; The hobgoblin shouts!
Robin shouts!
The hobgoblin shouts!
The hobgoblin hits you.
The goblin shouts!
Unknown command.
Press: ? - help, v - describe, . - travel
Here: Robin, wielding a mace, wearing an animal skin and wearing a helmet The floor.
Unknown command.
The hobgoblin hits you. The goblin hits you.
Robin says, "Kneel, worm!"
An orc comes into view. It is wielding a flail.
The hobgoblin barely misses you.
Use which ability? (? or * to list)
Press: ? - help, Shift-Dir - straight line, f - goblin
Aim: a goblin The splash of poison hits the hobgoblin.
The hobgoblin is poisoned.
The hobgoblin is moderately wounded.
You feel slightly more hungry. The hobgoblin hits you.
Unknown command.
You kill the hobgoblin!
You have got your breath back.
The hobgoblin hits you with a club.
You hit the hobgoblin but do no damage. You hit the hobgoblin.
The hobgoblin is heavily wounded.
The hobgoblin closely misses you. The hobgoblin barely misses you.
Casting: Flame Tongue
Confirm with . or Enter, or press ? or * to list all spells.
Aiming: Flame Tongue
Press: ? - help, Shift-Dir - straight line, f/p - goblin
Aim: a goblin The flame tongue hits the hobgoblin.
You kill the hobgoblin!
Your Conjurations skill increases to level 2!
The hobgoblin hits you with a club. The hobgoblin barely misses you.
Use which ability? (? or * to list)
Press: ? - help, Shift-Dir - straight line, f/p - goblin
Aim: a goblin The splash of poison hits the hobgoblin.
The hobgoblin is poisoned.
The hobgoblin is moderately wounded.
You feel slightly more hungry. The hobgoblin hits you with a club.
The hobgoblin hits you with a club.
You die...

You could see 2 hobgoblins and 5 goblins.

Vanquished Creatures
  2 dart slugs (D:1)
  3 hobgoblins
  A jackal (D:1)
  A ball python (D:2)
  2 bats
  A giant newt (D:1)
  A goblin (D:1)
  A kobold (D:1)
  A rat (D:1)
13 creatures vanquished.

Action                   || total
-------------------------++-------
Melee: Unarmed           ||     3
       Short sword       ||     3
 Cast: Flame Tongue      ||     4
 Abil: Spit Poison       ||    12
Armor: Robe              ||     2
Dodge: Dodged            ||    10

Vault maps used:
D:1:      eino_arrival_druids_welcome, serial_curves, eino_curves_04,
          eino_curves_02, nrook_uturn, ashenzari_altar_1
D:2:      lemuel_crystal_altar, old_standard_altar, uniq_crazy_yiuf_cottage
D:3:      lemuel_crystal_altar, uniq_jessica, uniq_robin
